 Dungeon Crawl Stone Soup version 0.28-a0-852-gbbce81c95b (webtiles) character file.

Game seed: 14472465069445815054

13161 Ijustatesigmund the Fighter (level 12, -3/81 HPs)
             Began as a Gargoyle Fighter on Nov 15, 2021.
             Was a Follower of Cheibriados.
             Slain by a war gargoyle (8 damage)
             ... on level 11 of the Dungeon.
             The game lasted 00:21:12 (15050 turns).

Ijustatesigmund the Fighter (Gargoyle Fighter)     Turns: 15050, Time: 00:21:12

Health: -3/81      AC: 25    Str: 23    XL:     12   Next: 3%
Magic:  0/16       EV: 18    Int: 12    God:    Cheibriados [*.....]
Gold:   2040       SH:  6    Dex: 20    Spells: 11/11 levels left

rFire   + . .      SeeInvis .   I - +6 mace of Joaf Hot {venom, rF+ Will+ Int-4 Dex+7}
rCold   . . .      Faith    .   c - +0 buckler
rNeg    + . .      Spirit   +   J - +0 acid dragon scales
rPois   ∞          Reflect  .   m - +0 helmet
rElec   +          Harm     .   (no cloak)
rCorr   +          Rampage  .   f - +0 pair of gloves
Will    +....                   n - +1 pair of boots
Stlth   +.........              l - amulet of guardian spirit
HPRegen 0.23/turn               K - +4 ring of protection
MPRegen 0.15/turn               h - +4 ring of evasion

@: mighty, studying Polearms, very slow
A: sickness immunity, AC +8, negative energy resistance 1, electricity
resistance, torment resistance 1, petrification resistance
a: Renounce Religion, Bend Time


You were on level 11 of the Dungeon.
You worshipped Cheibriados.
Cheibriados was aware of your devotion.
You visited 2 branches of the dungeon, and saw 12 of its levels.
You also visited: Ossuary.

You collected 2040 gold pieces.

Inventory:

Hand Weapons
 a - a +3 flail of protection
 b - a +2 broad axe of flaming
 I - the +6 mace of Joaf Hot (weapon) {venom, rF+ Will+ Int-4 Dex+7}
   (You found it on level 10 of the Dungeon)

   It poisons the flesh of those it strikes.
   Int:       It affects your intelligence (-4).
   Dex:       It affects your dexterity (+7).
   rF:        It protects you from fire.
   Will:      It increases your willpower.
Missiles
 i - a boomerang of dispersal (quivered)
 B - 3 throwing nets
Armour
 c - a +0 buckler (worn)
 f - a +0 pair of gloves (worn)
 m - a +0 helmet (worn)
 n - a +1 pair of boots (worn)
 J - +0 acid dragon scales (worn)
Jewellery
 g - a ring of protection from fire
 h - a +4 ring of evasion (right hand)
 l - an amulet of guardian spirit (around neck)
 y - a ring of ice
 F - a ring of protection from fire
 K - a +4 ring of protection (left hand)
Wands
 z - a wand of flame (10)
 A - a wand of mindburst (7)
 D - a wand of iceblast (31)
 E - a wand of digging (5)
Scrolls
 q - 2 scrolls of brand weapon
 t - 2 scrolls of amnesia
 w - a scroll of magic mapping
 C - a scroll of holy word {unknown}
 G - 6 scrolls of identify
 H - a scroll of silence
Potions
 e - a potion of brilliance
 j - 2 potions of curing
 k - 4 potions of attraction
 o - a potion of mutation
 p - 2 potions of flight {unknown}
 r - 4 potions of heal wounds {unknown}
 s - 4 potions of haste
 u - a potion of berserk rage {unknown}
 x - a potion of cancellation {unknown}


   Skills:
 + Level 12.2 Fighting
 + Level 11.0 Maces & Flails
 + Level 7.6 Armour
 - Level 4.0 Dodging
 - Level 6.3 Shields
 + Level 5.9 Invocations
 - Level 2.7 Evocations


You had 11 spell levels left.
You didn't know any spells.
Your spell library contained the following spells:

 Spells                   Type           Power      Damage    Failure   Level
 Beastly Appendage        Tmut           0%         N/A       36%         1
 Sandblast                Erth           0%         2d4       36%         1
 Shock                    Conj/Air       0%         1d3       36%         1
 Summon Small Mammal      Summ           0%         N/A       36%         1
 Passwall                 Tmut/Erth      0%         N/A       52%         2
 Wereblood                Tmut           0%         N/A       52%         2
 Call Canine Familiar     Summ           0%         N/A       75%         3
 Portal Projectile        Hex/Tloc       0%         N/A       75%         3
 Spider Form              Tmut/Pois      0%         N/A       75%         3
 Stone Arrow              Conj/Erth      0%         3d7       75%         3
 Summon Guardian Golem    Hex/Summ       0%         N/A       75%         3
 Swiftness                Air            0%         N/A       75%         3
 Airstrike                Air            0%         N/A       98%         4
 Leda's Liquefaction      Hex/Erth       0%         N/A       98%         4
 Conjure Ball Lightning   Conj/Air       0%         3x3d6     100%        6
 Discord                  Hex            0%         N/A       100%        8
 Disjunction              Tloc           0%         N/A       100%        8


Dungeon Overview and Level Annotations

Branches:
Dungeon (11/15)            Temple (1/1) D:5            Lair (0/6) D:10
    Orc (0/2) D:9         Ossuary (visited)

Altars:
Ashenzari
Cheibriados
Dithmenos
Elyvilon
Fedhas
Gozag
Hepliaklqana
Kikubaaqudgha
Makhleb
Nemelex Xobeh
Okawaru
Qazlal
Ru
Sif Muna
Trog
Uskayaw
Vehumet
Wu Jian
Xom
Yredelemnul
Zin
The Shining One

Shops:
D:4 [

Annotations:
D:7 3 runed translucent doors, Sokar's ghost, novice HuGl


Innate Abilities, Weirdness & Mutations

You are immune to sickness and miasma.
Your stone body is resilient. (AC +8)
You are immune to poison.
You resist negative energy. (rN+)
You are resistant to electric shocks. (rElec)
You are resistant to unholy torment.
You are immune to petrification.


Message History

Okay, then.
You feel better. The war gargoyle closely misses you.
The war gargoyle hits you with a +0 lajatang.
You feel very mighty all of a sudden. The war gargoyle closely misses you.
You hit the war gargoyle.
The war gargoyle is lightly damaged.
The war gargoyle hits you but does no damage.
You hit the war gargoyle but do no damage.
The war gargoyle is lightly damaged.
The war gargoyle launches metal splinters at you.
The spray of metal splinters hits you but does no damage.
You hear a shout!
You hit the war gargoyle but do no damage.
The war gargoyle is lightly damaged.
The war gargoyle hits you with a +0 lajatang!
* * * LOW HITPOINT WARNING * * *
You bludgeon the war gargoyle!!
The war gargoyle is heavily damaged.
The war gargoyle launches metal splinters at you.
The spray of metal splinters misses you.
The war gargoyle completely misses you.
You feel better.
The war gargoyle hits you but does no damage.
You feel better.
The war gargoyle launches metal splinters at you.
The spray of metal splinters hits you but does no damage.
You hit the war gargoyle but do no damage.
The war gargoyle is heavily damaged.
The war gargoyle hits you with a +0 lajatang!!
* * * LOW HITPOINT WARNING * * *
You thump the war gargoyle!
The war gargoyle is severely damaged.
The war gargoyle launches metal splinters at you.
The spray of metal splinters misses you.
You block the war gargoyle's attack.
You sock the war gargoyle!
The war gargoyle is almost destroyed.
The war gargoyle hits you with a +0 lajatang!
You die...

#...# ########### #..##
..........### #...# ..........'.#
##..# ..........#.# #..##
...########.#################...#
...########....eo....#.....#....#
...'....>.#...##9##.)9..#......##
...###....#...##@##..).###....##.
...# #....#..########### ######..
...# #....#...##.##....###.......
#### #....#...##.##.....#.......#
# #....#..........#.....#..###
### #....#.###################
..# #.......................# #.#
#....###.##########.#..##### #.#
#.........# #...........


You could see an orc knight, a war gargoyle (catching breath) and a deep elf
pyromancer.

Vanquished Creatures
  2 boulder beetles (D:11)
  2 two-headed ogres
  2 centaur warriors
  A tengu warrior (D:11)
  A deep elf pyromancer (D:11)
  A cyclops (D:8)
  An ugly thing (D:8)
  An orc knight (D:11)
  Maggie (D:10)
  A hornet (D:8)
  2 trolls (D:11)
  A merfolk (D:11)
  A slime creature (D:11)
  A shadow (D:11)
  A wyvern (D:8)
  A wraith (D:11)
  5 yaks
  A steam dragon (D:8)
  4 vampire mosquitoes (D:11)
  Duvessa (D:7)
  2 acid dragons (D:10)
  2 water moccasins
  An ice beast (D:6)
  2 sky beasts
  8 orc warriors
  2 black bears
  2 ogres (D:4)
  A phantom (D:5)
  4 centaurs
  2 kobold brigands
  A wyvern zombie (D:6)
  2 bullfrogs
  3 scorpions
  Dowan (D:7)
  3 wights (D:9)
  6 howler monkeys
  A bullfrog zombie (D:6)
  3 centaur zombies
  3 hounds
  2 human zombies (Ossuary)
  5 orc priests
  A gnoll shaman (D:3)
  A jelly (D:5)
  A centaur skeleton (D:6)
  2 iguanas (D:6)
  8 orc wizards
  A hound skeleton (D:4)
  5 mummies (Ossuary)
  9 gnolls
  7 adders
  A shadow imp (D:6)
  2 ufetubi
  An adder skeleton (D:4)
  A worm (D:3)
  4 dart slugs
  40 orcs
  3 bats (D:3)
  11 endoplasms
  A giant cockroach (D:4)
  7 goblins
  8 hobgoblins
  2 jackals (D:1)
  7 quokkas
  9 ball pythons
  3 frilled lizards
  A goblin zombie (Ossuary)
  A hobgoblin zombie (Ossuary)
  9 kobolds
  3 orc zombies (Ossuary)
  3 rats (D:1)
239 creatures vanquished.

Vanquished Creatures (others)
  A slime creature (D:11)
  4 fungi (D:10)
  10 plants (D:10)
15 creatures vanquished.

Grand Total: 254 creatures vanquished

Notes
Turn   | Place    | Note
-------+----------+-------------------------------------------
     0 | D:1      | Ijustatesigmund the Gargoyle Fighter began the quest for
                  | the Orb.
     0 | D:1      | Reached XP level 1. HP: 14/14 MP: 1/1
   381 | D:1      | Reached XP level 2. HP: 17/19 MP: 2/2
   626 | D:1      | Found a faded altar of an unknown god.
   944 | D:1      | Reached XP level 3. HP: 24/24 MP: 3/3
   989 | D:1      | Reached skill level 4 in Fighting
  1766 | D:2      | Reached XP level 4. HP: 30/30 MP: 4/4
  2441 | D:3      | Reached XP level 5. HP: 7/34 MP: 5/5
  2831 | D:3      | Reached skill level 5 in Fighting
  3655 | D:4      | Noticed an ogre
  3662 | D:4      | Reached XP level 6. HP: 26/40 MP: 6/6
  4162 | D:4      | Reached skill level 6 in Fighting
  4385 | D:4      | Reached skill level 5 in Maces & Flails
  4420 | D:4      | Noticed a water moccasin
  4437 | D:4      | Killed a water moccasin
  4438 | D:4      | Reached XP level 7. HP: 36/47 MP: 7/7
  4544 | D:4      | Found Waodyade's Armour Shoppe.
  4708 | D:5      | Entered Level 5 of the Dungeon
  5194 | D:5      | Reached skill level 7 in Fighting
  5221 | D:5      | Found a sand-covered staircase.
  5228 | Ossuary  | Entered an ossuary
  5349 | Ossuary  | Reached XP level 8. HP: 34/53 MP: 5/8
  6047 | D:5      | Found a staircase to the Ecumenical Temple.
  6113 | D:6      | Reached skill level 5 in Armour
  6739 | D:6      | Reached skill level 8 in Fighting
  7045 | D:7      | Reached XP level 9. HP: 60/60 MP: 9/9
  7210 | D:7      | Noticed Dowan
  7211 | D:7      | Noticed Duvessa
  7224 | D:7      | Killed Duvessa
  7364 | D:7      | Found a runed translucent gate.
  7364 | D:7      | Found a runed translucent gate.
  7365 | D:7      | Found a runed translucent gate.
  7368 | D:7      | Noticed Sokar's ghost (novice HuGl)
  7519 | D:7      | Killed Dowan
  7916 | D:8      | Reached skill level 9 in Fighting
  7962 | D:8      | Noticed a hornet
  7974 | D:8      | Killed a hornet
  8430 | D:8      | Reached skill level 1 in Dodging
  8486 | D:8      | Noticed a centaur warrior
  8510 | D:8      | Killed a centaur warrior
  8682 | D:8      | Noticed a two-headed ogre
  8693 | D:8      | Killed a two-headed ogre
  8694 | D:8      | Reached skill level 10 in Fighting
  8694 | D:8      | Reached XP level 10. HP: 50/68 MP: 7/10
  8793 | D:8      | Noticed a purple ugly thing
  8796 | D:8      | Noticed a cyclops
  9469 | D:8      | Killed a cyclops
  9549 | D:8      | Identified the +5 halberd of Vafferor {vorpal, Str+2}
  9709 | D:8      | Killed a purple ugly thing
 10132 | D:10     | Entered Level 10 of the Dungeon
 10297 | D:9      | Reached skill level 1 in Evocations
 10506 | D:9      | Identified a scroll of acquirement
 10506 | D:9      | Acquired 1104 gold pieces
 10633 | D:9      | Reached skill level 11 in Fighting
 10807 | D:9      | Found a staircase to the Orcish Mines.
 10936 | Temple   | Entered the Ecumenical Temple
 11155 | Temple   | Became a worshipper of Cheibriados the Contemplative
 11278 | D:10     | Found a glowing silver altar of Zin.
 11283 | D:10     | Found a hide-covered altar of Uskayaw.
 11283 | D:10     | Noticed a two-headed ogre
 11284 | D:10     | Found a shadowy altar of Dithmenos.
 11293 | D:10     | Killed a two-headed ogre
 11294 | D:10     | Reached skill level 10 in Maces & Flails
 11294 | D:10     | Reached XP level 11. HP: 59/74 MP: 7/12
 11313 | D:10     | Identified the +6 mace of Joaf Hot {venom, rF+ Will+ Int-4
                  | Dex+7}
 12268 | D:10     | Found a staircase to the Lair.
 12521 | D:10     | Noticed Maggie
 12530 | D:10     | Killed Maggie
 12727 | D:11     | Reached * piety under Cheibriados
 12732 | D:11     | Reached skill level 5 in Shields
 13433 | D:11     | Noticed a tengu warrior
 13478 | D:11     | Noticed a centaur warrior
 13690 | D:11     | Noticed a boulder beetle
 13703 | D:11     | Killed a boulder beetle
 13900 | D:11     | Noticed a deep elf pyromancer
 13918 | D:11     | Killed a centaur warrior
 13924 | D:11     | Killed a deep elf pyromancer
 13925 | D:11     | Reached skill level 5 in Invocations
 14020 | D:11     | Killed a tengu warrior
 14021 | D:11     | Reached skill level 12 in Fighting
 14131 | D:11     | Noticed an ettin
 14131 | D:11     | Noticed a stone giant
 14131 | D:11     | Noticed a war gargoyle
 14132 | D:11     | Noticed an orc knight
 14250 | D:11     | Noticed a boulder beetle
 14259 | D:11     | Killed a boulder beetle
 14837 | D:11     | Noticed an orc knight
 14837 | D:11     | Noticed a deep elf pyromancer
 14838 | D:11     | Noticed a four-headed hydra
 14862 | D:11     | Killed an orc knight
 14863 | D:11     | Reached XP level 12. HP: 65/81 MP: 12/16
 15050 | D:11     | Slain by a war gargoyle

Illustrated notes

Levels and vault maps discovered:
D:1:      minmay_arrival_solitary_statue, layout_basic,
          hellmonk_ecumenical_altar_dog_temple
D:2:      layout_basic, st_stairs_13, minmay_tiny_reverse_x
D:3:      layout_basic, chequers_serial_rivers_micro_d,
          chequers_serial_rivers_large_a, minmay_liquid_box
D:4:      layout_layer_cave, serial_shops, shop, minmay_quadrilaterals
D:5:      layout_basic, temple_hall, nicolae_ossuary_entry_ruins,
          grunt_ministairs_3
D:6:      layout_basic
D:7:      layout_loops_ring, gammafunk_ghost_necromancy, uniq_duvessa
D:8:      layout_loops_ring, minmay_the_grid_2x2 [minmay_the_grid_dragon_a,
          minmay_the_grid_eight, minmay_the_grid_mess,
          minmay_the_grid_prize_four_corners_diamond_b]
D:9:      layout_roguey, david_orc_4, onia_ninara_dug_in_and_dangerous
D:10:     layout_rooms, grunt_temple_overflow_open,
          grunt_lair_entry_orc_guard_hut, serial_co_window_serial,
          co_window_of_opportunity_a, co_window_corner_a, co_window_paths_b,
          co_window_cross_1, co_window_paths_b, co_window_paths_a,
          co_window_of_opportunity_a, co_window_of_opportunity_a,
          co_window_corner_a, co_window_broadway_a, co_window_cross_4,
          co_window_corner_b, co_window_of_opportunity_b, co_window_2corner,
          co_window_paths_e, glass_columns_a, glass_columns_a, glass_columns_c,
          glass_columns_b, serial_park_tiny_2, uniq_maggie
D:11:     minmay_tile_spiral, layout_basic, hangedman_fish_farm
Temple:   mainiacjoe_temple_bowtie_tessellation

Skill      XL: |  1  2  3  4  5  6  7  8  9 10 11 |
---------------+----------------------------------+-----
Fighting       | 4 5 6 7 8 10 11 12 | 12.2
Maces & Flails | 3 4 5 6 7 9 10 11 | 11.0
Armour         | 4 6 7 |  7.6
Dodging        | 3 4 |  4.0
Evocations     | 2 |  2.7
Shields        | 4 6 |  6.3
Invocations    | 2 5 |  5.9

Action                   |  1- 3 |  4- 6 |  7- 9 | 10-12 || total
-------------------------+-------+-------+-------+-------++-------
Melee: Flail             |   114 |   153 |   402 |   199 ||   868
       Mace              |       |       |       |   243 ||   243
Throw: Boomerang         |       |     3 |       |     1 ||     4
       Dart              |       |       |       |     3 ||     3
Invok: Bend Time         |       |       |       |     2 ||     2
Evoke: Wand              |       |       |       |     6 ||     6
  Use: Scroll            |       |     8 |     6 |     9 ||    23
       Potion            |       |     2 |       |     6 ||     8
 Stab: Sleeping          |       |       |       |     2 ||     2
Armor: Scale mail        |    60 |     4 |       |       ||    64
       Chain mail        |       |   104 |   207 |       ||   311
       Steam dragon scal |       |       |    21 |     8 ||    29
       Leather armour    |       |       |       |   109 ||   109
       Acid dragon scale |       |       |       |    94 ||    94
Dodge: Dodged            |    43 |    56 |   197 |   332 ||   628
Block: Buckler           |    27 |    32 |    83 |    94 ||   236

Table legend: (Time is in decaauts)
 A = Elapsed time spent in this place.
 B = Non-inter-level travel time spent in this place.
 C = Inter-level travel time spent in this place.
 D = Time resting spent in this place.
 E = Time spent auto-exploring this place.
 F = Levels seen in this place.
 G = Mean time per level.
                   A        B        C        D        E       F      G
               +--------+--------+--------+--------+--------+-----+--------+
         Total |  15822 |  15170 |    652 |   2236 |  10586 |  13 | 1217.1 |
       Dungeon |  15012 |  14403 |    609 |   1972 |  10256 |  11 | 1364.7 |
        Temple |    262 |    219 |     43 |      0 |    205 |   1 |  262.0 |
       Ossuary |    548 |    548 |      0 |    264 |    125 |   1 |  548.0 |
               +--------+--------+--------+--------+--------+-----+--------+

Top non-repeatable levels by time:
    D:11: 2732 daAuts
    D:10: 1779 daAuts
     D:3: 1497 daAuts
     D:8: 1490 daAuts
     D:1: 1489 daAuts
     D:4: 1297 daAuts
     D:6: 1013 daAuts
     D:7: 987 daAuts
     D:9: 930 daAuts
     D:5: 897 daAuts
     D:2: 897 daAuts
 Ossuary: 548 daAuts
  Temple: 262 daAuts
